 Dungeon Crawl Stone Soup version 0.20.0-15-g7f486f2 (webtiles) character file.

533524 Gorglomux the Acrobat (level 24, -4/120 HPs)
             Began as a Felid Ice Elementalist on June 16, 2017.
             Was a High Priest of Sif Muna.
             Slain by an ancient lich (15 damage)
             ... on level 5 of the Realm of Zot on June 17, 2017.
             The game lasted 07:40:45 (167013 turns).

Gorglomux the Acrobat (Felid Ice Elementalist)    Turns: 167013, Time: 07:40:46

Health: -4/120     AC:  3    Str:  4    XL:     24   Next: 50%
Magic:  10/42      EV: 37    Int: 25    God:    Sif Muna [*****.]
Gold:   4707       SH:  0    Dex: 19    Spells: 1/61 levels left
                                        Lives:  0   Deaths: 6

rFire    + . .     SeeInvis +   (weapon unavailable)
rCold    + + +     Gourm    .   (shield unavailable)
rNeg     . . .     Faith    +   (armour unavailable)
rPois    +         Spirit   .   (helmet unavailable)
rElec    .         Reflect  .   (cloak unavailable)
rCorr    .         Harm     .   (gloves unavailable)
MR       +++..                  (boots unavailable)
Stlth    ++++++....             d - amulet of faith
Regen    0.3/turn               n - ring of Pride {*Drain +Fly rF+ rC+}
MPRegen  0.3/turn               o - ring of poison resistance

@: slightly contaminated, drained, no casting, deflect missiles, quick
A: no armour, no weapons or thrown items, stealth, claws 1, fangs 3, see
invisible, carnivore 3, cold resistance 1, deterioration 1, speed 1, low mp 1,
shaggy fur 3, slow metabolism 1, MP-powered wands, sharp paws
}: 3/15 runes: decaying, slimy, gossamer
a: Stop Divine Energy, Channel Magic, Forget Spell, Renounce Religion, Evoke
Flight


You were on level 5 of the Realm of Zot.
You worshipped Sif Muna.
Sif Muna was extremely pleased with you.
You were not hungry.

You visited 11 branches of the dungeon, and saw 54 of its levels.
You also visited: Ice Cave.

You collected 6243 gold pieces.
You spent 1536 gold pieces at shops.

Inventory:

Hand Weapons
 y - the +8 frozen axe "Frostbite" {freezing cloud, *Noise +Fly rC+}
   (You took it off a draconian knight on level 4 of the Realm of Zot)

   It has been specially enchanted to freeze those struck by it, causing extra
   injury to most foes and up to half again as much damage against particularly
   susceptible opponents.
   It can also slow down cold-blooded creatures.
   It protects you from cold.
   It lets you fly.
   It may make noises in combat.
Jewellery
 a - the ring of the Tortoise {rCorr Int+4}
   (You took it off a spriggan air mage on level 2 of the Depths)

   [ring of resist corrosion]

   It affects your intelligence (+4).
 d - an amulet of faith (around neck)
 k - an uncursed ring of wizardry
 n - the ring of Pride (left paw) {*Drain +Fly rF+ rC+}
   (You found it on level 5 of the Lair of Beasts)

   [ring of flight]

   It protects you from fire.
   It protects you from cold.
   It lets you fly.
   It causes draining when unequipped.
 o - a ring of poison resistance (right paw)
 S - the ring "Fymeiwki" {rC+ EV+4}
   (You bought it in a shop on level 2 of the Orcish Mines)

   [ring of evasion]

   It affects your evasion (+4).
   It protects you from cold.
Wands
 D - a wand of digging (3/24)
 I - a wand of iceblast (7/15)
 O - a wand of clouds (5/9)
 P - a wand of paralysis (6/24)
Scrolls
 b - 2 scrolls of immolation
 f - a scroll of holy word
 g - 6 scrolls of amnesia
 h - 24 scrolls of remove curse
 l - 6 scrolls of fear
 A - 7 scrolls of fog
 B - a scroll of blinking
 M - a scroll of magic mapping
 N - 6 scrolls of recharging
 R - 14 scrolls of identify
 T - 10 scrolls of teleportation
Potions
 e - 5 potions of cancellation
 i - a potion of resistance
 j - 2 potions of invisibility
 m - 9 potions of ambrosia
 p - 8 potions of brilliance
 q - 2 potions of magic
 w - 4 potions of haste
 G - 10 potions of mutation {!q}
 J - 9 potions of flight
 K - 9 potions of heal wounds
 Q - 21 potions of curing
 V - 4 potions of might
 Z - 8 potions of agility
Books
 r - a book of the Warp {god gift}

   Spells                             Type                      Level
   a - Gell's Gravitas                Translocation                3
   b - Portal Projectile              Hexes/Translocation          3
   c - Force Lance                    Conjuration/Translocation    4
   d - Dispersal                      Translocation                6
   e - Controlled Blink               Translocation                8
   f - Disjunction                    Translocation                8
 s - a book of Ice {god gift}

   Spells                             Type                      Level
   a - Ice Form                       Ice/Transmutation            4
   b - Metabolic Englaciation         Hexes/Ice                    5
   c - Ozocubu's Refrigeration        Ice                          6
   d - Bolt of Cold                   Conjuration/Ice              6
   e - Freezing Cloud                 Conjuration/Ice/Air          6
   f - Simulacrum                     Ice/Necromancy               6
 t - Sif Muna's Further Progress in Theurgy {god gift}
   (Sif Muna gifted it to you on level 4 of the Realm of Zot)

   Spells                             Type                      Level
   a - Poison Arrow                   Conjuration/Poison           6
   b - Conjure Ball Lightning         Conjuration/Air              6
   c - Darkness                       Hexes                        6
   d - Simulacrum                     Ice/Necromancy               6
   e - Death Channel                  Necromancy                   6
   f - Hydra Form                     Transmutation                6
 u - Sif Muna's Guide on Companions {god gift}
   (Sif Muna gifted it to you on level 2 of the Vaults)

   Spells                             Type                      Level
   a - Summon Guardian Golem          Hexes/Summoning              3
   b - Summon Ice Beast               Ice/Summoning                4
   c - Aura of Abjuration             Summoning                    5
 v - Sif Muna's Papyrus of Liberalism {god gift}
   (Sif Muna gifted it to you on level 4 of the Spider Nest)

   Spells                             Type                      Level
   a - Ignite Poison                  Fire/Transmutation/Poison    3
   b - Sticky Flame                   Conjuration/Fire             4
   c - Bolt of Magma                  Conjuration/Fire/Earth       5
   d - Fireball                       Conjuration/Fire             5
   e - Ignition                       Fire                         8
   f - Fire Storm                     Conjuration/Fire             9
 x - a book of Battle {god gift}

   Spells                             Type                      Level
   a - Infusion                       Charms                       1
   b - Shroud of Golubria             Charms/Translocation         2
   c - Song of Slaying                Charms                       2
   d - Spectral Weapon                Hexes/Charms                 3
   e - Regeneration                   Charms/Necromancy            3
 C - Sif Muna's Grimoire of Battle Magic {god gift}
   (Sif Muna gifted it to you on level 3 of the Depths)

   Spells                             Type                      Level
   a - Dazzling Spray                 Conjuration/Hexes            3
   b - Iskenderun's Mystic Blast      Conjuration                  4
   c - Throw Icicle                   Conjuration/Ice              4
   d - Venom Bolt                     Conjuration/Poison           5
   e - Iron Shot                      Conjuration/Earth            6
   f - Orb of Destruction             Conjuration                  7
   g - Glaciate                       Conjuration/Ice              9
 E - Sif Muna's Tome of Flamy Ice {god gift}
   (Sif Muna gifted it to you on level 4 of the Depths)

   Spells                             Type                      Level
   a - Throw Frost                    Conjuration/Ice              2
   b - Metabolic Englaciation         Hexes/Ice                    5
   c - Ozocubu's Refrigeration        Ice                          6
   d - Ring of Flames                 Charms/Fire                  7
 H - Sif Muna's Papyrus of Congealing Moulding {god gift}
   (Sif Muna gifted it to you on level 1 of the Lair of Beasts)

   Spells                             Type                      Level
   a - Blade Hands                    Transmutation                5
   b - Bolt of Cold                   Conjuration/Ice              6
   c - Dragon Form                    Transmutation                7
 L - the Catalogue of Lucky Earth
   (You found it on level 3 of the Elven Halls)

   Spells                             Type                      Level
   a - Infusion                       Charms                       1
   b - Sandblast                      Earth                        1
   c - Swiftness                      Charms/Air                   2
   d - Passwall                       Transmutation/Earth          2
   e - Regeneration                   Charms/Necromancy            3
   f - Petrify                        Transmutation/Earth          4
   g - Iskenderun's Battlesphere      Conjuration/Charms           5
Miscellaneous
 U - 3 boxes of beasts
 W - 3 sacks of spiders
 X - a phial of floods
 Y - a lamp of fire
Comestibles
 z - 2 meat rations
 F - 13 royal jellies


   Skills:
 + Level 19.1(18.6) Fighting
 + Level 22.7(22.1) Dodging
 - Level 12.6(12.2) Stealth
 - Level 19.4(18.8) Spellcasting
 - Level 20.0(19.4) Conjurations
   Level 5.2(4.8) Hexes
 - Level 8.3(7.8) Charms
 - Level 11.6(11.1) Summonings
 - Level 5.3(4.8) Translocations
 - Level 20.1(19.6) Ice Magic
 - Level 9.5(9.1) Air Magic
 - Level 9.0(8.5) Invocations
 - Level 7.1(6.7) Evocations


You had one spell level left.
You knew the following spells:

 Your Spells              Type           Power        Failure   Level  Hunger
a - Passwall              Tmut/Erth      ###.......   3%          2    None
b - Ozocubu's Armour      Chrm/Ice       #######.     1%          3    None
c - Shadow Creatures      Summ           N/A          3%          6    ###....
d - Throw Icicle          Conj/Ice       #######.     0%          4    None
e - Spellforged Servitor  Conj/Summ      #######...   3%          7    #####..
f - Orb of Destruction    Conj           #######...   1%          7    #####..
g - Deflect Missiles      Chrm/Air       ######....   10%         6    ###....
h - Ozocubu's Refrigerat  Ice            #######...   1%          6    ###....
i - Glaciate              Conj/Ice       #######...   43%         9    #######
j - Blink                 Tloc           N/A          1%          2    None
l - Summon Lightning Spi  Summ/Air       ######..     1%          4    None
o - Apportation           Tloc           #####.       1%          1    None
R - Regeneration          Chrm/Necr      #####.....   1%          3    None


Dungeon Overview and Level Annotations

Branches:
Dungeon (15/15)            Temple (0/1) D:4            Lair (6/6) D:9
  Swamp (4/4) Lair:4       Spider (4/4) Lair:2        Slime (5/5) Lair:5
    Orc (2/2) D:11            Elf (3/3) Orc:2        Vaults (4/5) D:14
  Crypt (0/3) Vaults:3     Depths (5/5) D:15           Hell (1/1)
    Zot (5/5) Depths:5
    Dis: Hell:1         Geh: Hell:1         Coc: Hell:1         Tar: Hell:1

Altars:
Ashenzari
Dithmenos
Fedhas
Gozag
Nemelex Xobeh
Qazlal
Ru
Sif Muna
Trog
Vehumet
Yredelemnul
The Shining One
Beogh
Jiyva
Lugonu

Shops:
D:4 [   D:7 [   Orc:2 *=[??[:   Elf:2 (   Vaults:1 ?   Vaults:4 [   Depths:3 (
Depths:5 [[?[(

Portals:
Hell: Depths:1 Depths:2 Depths:3 Depths:4 Depths:5
Abyss: Depths:1 Depths:2 Depths:3 Depths:5
Pandemonium: Depths:1 Depths:3
Ziggurat: Depths:3

Annotations:
D:6 1 runed door
D:8 exclusion: downstairs
D:11 food to apport, exclusion: downstairs
D:13 Rupert
Elf:2 3 runed doors
Vaults:2 exclusion: downstairs
Vaults:4 exclusion: lightning spire
Depths:1 1 exclusion
Hell Geryon
Zot:4 1 transporter


Innate Abilities, Weirdness & Mutations

You cannot wear armour.
You are incapable of wielding weapons or throwing items.
Your paws allow you to move quietly. (Stealth)
You have sharp claws.
You have razor-sharp teeth.
You have supernaturally acute eyesight. (SInv)
You are carnivorous and can eat meat at any time.
You cover ground quickly.
Your thick and shaggy fur keeps you warm. (AC +3, rC+)
You have a slow metabolism.
Your sharp claws are effective at attacking unaware monsters.
Your flesh is cold resistant. (rC+)
Your body sometimes deteriorates upon taking damage.
Your magical capacity is low. (-10% MP)
You expend magic power (3 MP) to strengthen your wands.


Message History

The wavering orb of destruction weakly hits the ancient lich.
The ancient lich is severely damaged.
Sif Muna grants you divine energy.
You briefly lose access to your magic!
The Executioner hits you. The Executioner barely misses you.
The Executioner hits you. The Executioner hits you!!
* * * LOW HITPOINT WARNING * * *
The Executioner completely misses you. The Executioner closely misses you.
The ancient lich points at you and mumbles some strange words.
You resist with almost no effort.
Okay, then.
Press: ? - help, v - describe, . - travel
Here: a spellforged servitor (friendly, summoned)
The floor, spattered with blood.
As you read the scroll of holy word, it crumbles to dust.
You speak a Word of immense power!
The ancient lich convulses!
The Executioner convulses!
You kill the Executioner!
The ancient lich touches you!
You die...

###.....⌠........)..........##
.....[.######.............##.##
..........##^.........#######.###
...####...#...[........## ##...
#### #.........).......#######..
# ####.⌠........................
# #........[.[.......###...##...
# #.......)..^.......# #...##..<
# #........)).L@.....# #...##...
###.........8.....## #########
####............# #.....P.....##
##.........## ##.......##
##....### ######


You could see an ancient lich (dazed) and a friendly spellforged servitor.

Vanquished Creatures
  the Royal Jelly (Slime:5)
  The ghost of mike2R the Slayer, a legendary MiFi of Okawaru (Zot:5)
  3 ancient liches (Zot:5)
  Boris (Depths:4)
  Sojobo (Vaults:3)
  the Lernaean hydra (Swamp:4)
  A caustic shrike (Depths:3)
  Margery (Depths:3)
  A curse toe (Zot:5)
  9 golden dragons
  Saint Roka (Depths:4)
  3 liches
  An electric golem (Zot:5)
  15 tentacled monstrosities
  A titan (Depths:4)
  3 Orb Guardians (Zot:5)
  A quicksilver dragon (Zot:1)
  A deep elf blademaster (Elf:3)
  3 deep elf master archers (Elf:3)
  17 acid blobs
  2 sphinxes
  3 thorn hunters
  5 death cobs
  19 storm dragons
  The ghost of CrazyArbalest the Sniper, an adept MiHu of Okawaru (Spider:1)
  10 tengu reavers
  Donald (Slime:5)
  15 azure jellies
  5 shadow dragons
  4 draconian monks
  Kirke (Spider:3)
  An orc warlord (D:13)
  An azure jelly (shapeshifter) (Depths:2)
  A revenant (Depths:4)
  6 nagarajas (Depths:3)
  11 frost giants
  7 draconian knights
  10 fire giants
  2 draconian scorchers
  5 emperor scorpions
  Aizul (Spider:1)
  3 ghost moths
  9 deep elf sorcerers
  16 vault wardens
  4 draconian shifters
  A draconian stormcaller (Zot:5)
  A ghoul (Vaults:2)
  9 deep elf elementalists
  28 very ugly things
  3 draconian annihilators
  A spriggan defender (Depths:3)
  18 ironheart preservers
  A war gargoyle (Vaults:4)
  2 caustic shrike skeletons
  7 entropy weavers
  27 stone giants
  2 grey draconians (Depths:5)
  4 vampire knights
  6 green draconians
  4 deep elf demonologists
  9 deep elf annihilators
  7 purple draconians
  9 red draconians
  6 black draconians
  6 white draconians
  7 yellow draconians (Zot:4)
  6 spark wasps
  Snorg (Orc:1)
  6 deep elf death magi (Elf:3)
  13 ettins
  A quicksilver dragon zombie (Depths:4)
  3 jiangshi
  13 fire dragons
  4 deep elf high priests (Elf:3)
  7 death oozes (Slime:5)
  8 great orbs of eyes
  10 yaktaur captains
  15 vault guards
  5 spriggan air magi
  24 hydras
  Erolcha (D:13)
  5 rakshasas
  A catoblepas (Lair:6)
  12 ice dragons
  2 naga warriors (Depths:3)
  A merfolk avatar (Swamp:3)
  6 anacondas
  3 ghost crabs
  11 ogre magi
  9 centaur warriors
  3 death knights
  7 dancing weapons
  8 death scarabs (Spider:4)
  14 deep troll shamans
  11 alligators
  34 two-headed ogres
  9 tengu warriors
  4 death yaks
  13 deep troll earth magi
  2 vampire magi
  2 titan zombies
  2 orc high priests
  3 spriggan berserkers
  11 hell knights
  6 iron trolls
  Sonja (Lair:3)
  13 deep elf knights
  A golden dragon zombie (Depths:3)
  8 skeletal warriors (Vaults:2)
  A titan skeleton (Depths:3)
  2 shadow wraiths (Vaults:4)
  A spark wasp zombie (Depths:4)
  3 spriggan druids
  An iron troll (shapeshifter) (Depths:1)
  An unseen horror (shapeshifter) (Depths:3)
  11 glowing orange brains
  52 deep trolls
  4 shambling mangroves
  8 flayed ghosts
  7 unseen horrors
  10 swamp dragons
  3 tengu zombies (Depths:4)
  4 spectral wolf spiders (Spider:4)
  9 wizards
  5 phantasmal warriors
  15 ironbrand convokers
  A shadow dragon zombie (Depths:4)
  15 deep elf archers
  Pikel (D:4)
  15 necromancers
  An orb spider (shapeshifter) (Depths:4)
  3 harpies (Vaults:2)
  2 lindwurms (Depths:3)
  5 oklob plants
  7 cyclopes
  14 orc sorcerers
  3 human zombies
  6 manticores
  18 orb spiders
  8 shining eyes
  73 ugly things
  50 deep elf magi
  34 wolf spiders
  A wolf spider (shapeshifter) (Depths:1)
  A faun (shapeshifter) (Depths:2)
  24 orc knights
  A moth of wrath (shapeshifter) (Vaults:2)
  A spriggan zombie (Depths:2)
  2 wolf spider zombies (Spider:4)
  Maurice (D:13)
  25 moths of wrath
  A manticore (shapeshifter) (Depths:2)
  A sphinx skeleton (Depths:4)
  A fire giant skeleton (Depths:2)
  14 elephants
  An iron dragon skeleton (Depths:4)
  6 black mambas
  3 guardian serpents (Depths:3)
  3 naga magi (Depths:3)
  25 spiny frogs
  An elephant (shapeshifter) (Vaults:4)
  4 eyes of devastation
  3 gargoyles
  A rust devil (Slime:1)
  3 torpor snails
  16 vault sentinels
  A storm dragon simulacrum (Depths:2)
  A rime drake (Lair:3)
  3 spectral redbacks (Spider:4)
  75 yaktaurs
  An efreet (D:13)
  3 freezing wraiths
  A yaktaur (shapeshifter) (Depths:3)
  8 komodo dragons
  11 demonic crawlers
  A yaktaur skeleton (Depths:1)
  A komodo dragon (shapeshifter) (D:15)
  A jumping spider (shapeshifter) (Vaults:1)
  5 spriggan skeletons
  5 tengu conjurers
  32 jumping spiders
  6 polar bears
  A meliai (shapeshifter) (D:14)
  6 trolls
  4 bog bodies
  3 spectral tarantellas
  A wind drake (shapeshifter) (Elf:3)
  4 spectral jumping spiders (Spider:4)
  An iron dragon simulacrum (Depths:3)
  16 blink frogs
  Prince Ribbit (Lair:3)
  7 tyrant leeches
  An elf zombie (Depths:3)
  A tarantella zombie (Spider:4)
  A dream sheep (shapeshifter) (Vaults:4)
  2 blink frogs (shapeshifter)
  134 slime creatures
  A frost giant simulacrum (Depths:1)
  36 hornets
  A jumping spider zombie (Spider:4)
  7 hippogriffs
  A hippogriff (shapeshifter) (Depths:2)
  A stone giant simulacrum (Depths:1)
  A fire giant simulacrum (Vaults:4)
  18 spriggans
  A spriggan (shapeshifter) (Vaults:4)
  3 flying skulls (Depths:4)
  A shadow (D:14)
  3 water elementals
  3 wraiths
  104 redbacks
  26 yaks
  12 air elementals
  48 tarantellas
  A yak (shapeshifter) (Depths:2)
  16 humans (D:14)
  A hungry ghost (D:13)
  A deep troll skeleton (Depths:1)
  3 fire elementals
  15 golden eyes
  A hog (shapeshifter) (Vaults:2)
  7 wyverns
  2 hogs (Spider:3)
  A human (shapeshifter) (Vaults:4)
  2 fire bats (Depths:2)
  A yaktaur simulacrum (Vaults:1)
  A basilisk (D:13)
  A steam dragon (Lair:4)
  13 vampire mosquitoes
  A chaos spawn (Slime:1)
  2 human simulacra
  13 wargs
  A deep troll zombie (Vaults:2)
  20 insubstantial wisps
  16 soldier ants
  13 nagas (Depths:3)
  3 acid dragons
  29 swamp worms
  19 water moccasins
  A floating eye (Depths:4)
  A floating eye (shapeshifter) (Vaults:2)
  11 swamp drakes
  63 orc warriors
  7 porcupines
  3 black bears
  3 ice beasts
  2 slaves (D:4)
  An orc zombie (Vaults:2)
  2 sky beasts (shapeshifter)
  3 sky beasts
  40 ogres
  A tengu (shapeshifter) (Depths:2)
  8 eyes of draining
  43 boggarts
  An elf simulacrum (Depths:1)
  24 wolves
  17 centaurs
  13 crocodiles
  15 bullfrogs
  2 big kobolds
  A wyvern zombie (D:7)
  4 earth elementals
  3 wyvern skeletons
  6 scorpions
  4 howler monkeys
  4 wights
  5 electric eels
  A bullfrog zombie (D:13)
  18 crimson imps
  A quasit (D:11)
  2 centaur zombies (D:7)
  9 hounds
  5 jellies
  26 orc priests
  6 centaur skeletons
  56 orc wizards
  Crazy Yiuf (D:6)
  An iron imp (Depths:2)
  4 iguanas
  Terence (D:2)
  24 worker ants
  A polar bear simulacrum (IceCv)
  A hound skeleton (D:9)
  A worker ant zombie (D:11)
  18 adders
  8 gnolls
  A shadow imp (D:11)
  A white imp (Vaults:1)
  3 oozes
  3 adder skeletons
  An adder zombie (D:5)
  A worm (shapeshifter) (Depths:2)
  12 worms
  2 dart slugs
  11 leopard geckos
  139 orcs
  6 giant cockroaches
  14 goblins
  4 hobgoblins
  24 jackals
  11 quokkas
  5 ball pythons
  13 bats
  A frilled lizard (D:1)
  2 jackal zombies (D:8)
  18 kobolds
  A kobold zombie (D:6)
  8 rats
  12 briar patches (Swamp:4)
  A fungus (Lair:4)
  15 plants
2787 creatures vanquished.

Vanquished Creatures (collateral kills)
  An orb of fire (Zot:5)
  A juggernaut (Depths:2)
  3 ancient liches
  A Killer Klown (Zot:4)
  A curse toe (Zot:4)
  3 golden dragons (Zot:4)
  Arachne (Spider:2)
  3 electric golems
  A tentacled monstrosity (Zot:1)
  2 Orb Guardians (Zot:5)
  A quicksilver dragon (Zot:4)
  4 death cobs
  3 shadow dragons (Zot:4)
  3 storm dragons (Zot:4)
  An azure jelly (Slime:5)
  A frost giant (Depths:3)
  An iron dragon (Depths:3)
  2 orc warlords
  A reaper (Depths:4)
  3 very ugly things
  3 emperor scorpions
  2 entropy weavers (Spider:1)
  2 stone giants
  2 vampire knights
  A green draconian (Zot:4)
  3 yellow draconians
  3 red draconians
  A fire dragon (Vaults:1)
  A quicksilver dragon zombie (Depths:4)
  A jiangshi (Depths:4)
  An ice dragon (Depths:4)
  2 hydras
  The ghost of Fingolfin the Fiendish, a novice HOMo of Makhleb (D:8)
  A two-headed ogre (D:9)
  A queen ant (Spider:3)
  A tengu warrior (Depths:1)
  A death yak (Lair:4)
  2 alligators
  A deep troll shaman (Depths:3)
  2 deep troll earth magi (Depths:4)
  A titan zombie (Depths:4)
  A hell knight (Depths:2)
  2 iron trolls (Depths:3)
  2 flayed ghosts (Depths:4)
  A deep troll (Depths:4)
  4 swamp dragons
  The ghost of greprep the Cleaver, a novice MiFi of Qazlal (D:6)
  2 orc knights
  A sphinx zombie (Vaults:4)
  A lindwurm (Lair:3)
  A necromancer (Depths:1)
  5 oklob plants (Lair:4)
  4 wolf spiders
  A cyclops (D:11)
  2 ugly things
  A sphinx skeleton (Depths:4)
  An elephant (Lair:4)
  A frost giant skeleton (Depths:4)
  2 spiny frogs (Lair:4)
  A centaur skeleton (D:14)
  A spectral redback (Spider:4)
  A komodo dragon (Swamp:1)
  A freezing wraith (Vaults:1)
  2 yaktaurs
  An elf skeleton (Depths:4)
  3 hornets
  A troll (D:10)
  A tyrant leech (Swamp:4)
  8 blink frogs
  8 slime creatures
  A spectral tarantella (Spider:4)
  3 bog bodies
  A flying skull (Depths:4)
  A wraith (D:11)
  A redback (shapeshifter) (Depths:3)
  4 redbacks
  Eustachio (D:6)
  19 yaks
  A spriggan (Lair:6)
  2 hogs (Spider:3)
  A human (D:14)
  A death yak simulacrum (IceCv)
  A hungry ghost (D:13)
  Menkaure (D:4)
  2 insubstantial wisps
  2 swamp worms
  3 soldier ants (Spider:3)
  A water moccasin (Lair:1)
  3 porcupines
  A sky beast (D:8)
  A human skeleton (Depths:4)
  6 orc warriors
  2 ice beasts
  An eye of draining (Slime:3)
  A necrophage (D:5)
  A phantom (D:12)
  A tengu skeleton (Depths:1)
  An alligator simulacrum (IceCv)
  8 wolves
  An ogre (D:9)
  3 centaurs (D:11)
  A crocodile (Lair:4)
  2 big kobolds
  3 bullfrogs
  3 wights (D:8)
  3 howler monkeys
  2 crimson imps
  A hound (D:6)
  2 orc priests
  A human zombie (D:6)
  A jelly (D:14)
  5 worker ants
  5 orc wizards
  A wolf simulacrum (IceCv)
  A hound zombie (D:6)
  A hound skeleton (D:4)
  A howler monkey zombie (D:6)
  12 white imps (Lair:4)
  An adder zombie (D:6)
  An adder skeleton (D:9)
  2 worms (Lair:5)
  21 orcs
  A jackal (D:10)
  A block of ice (Zot:4)
  7 plants
286 creatures vanquished.

Vanquished Creatures (others)
  A draconian monk (Zot:4)
  A two-headed ogre (D:14)
  A moth of wrath (Zot:5)
  A cyclops (D:13)
  A centaur zombie (D:11)
  A spriggan (Swamp:4)
  2 humans (Spider:3)
  A hungry ghost (D:11)
  A necrophage (D:11)
  An eye of draining (shapeshifter) (Vaults:3)
  An orc (D:11)
  A kobold (D:11)
  60 blocks of ice
  13 fungi
  18 plants
104 creatures vanquished.

Grand Total: 3177 creatures vanquished

Notes
Turn   | Place    | Note
-------+----------+-------------------------------------------
     0 | D:1      | Gorglomux the Felid Ice Elementalist began the quest for the Orb.
     0 | D:1      | Reached XP level 1. HP: 7/7 MP: 4/4
   335 | D:1      | Reached skill level 3 in Ice Magic
   335 | D:1      | Reached XP level 2. HP: 11/11 MP: 3/6
   377 | D:1      | Learned a level 2 spell: Throw Frost
  1226 | D:2      | Reached XP level 3. HP: 14/14 MP: 6/8
  1253 | D:2      | Found a sparkling altar of Nemelex Xobeh.
  1309 | D:2      | Found a stormy altar of Qazlal.
  1309 | D:2      | Found a glowing golden altar of the Shining One.
  1312 | D:2      | Found a blossoming altar of Fedhas.
  1401 | D:2      | Reached skill level 3 in Spellcasting
  1750 | D:2      | Found a bloodstained altar of Trog.
  1756 | D:2      | Reached XP level 4. HP: 18/18 MP: 5/9
  1809 | D:2      | Noticed Terence
  1819 | D:2      | Killed Terence
  2597 | D:3      | Reached XP level 5. HP: 21/21 MP: 4/11
  3463 | D:3      | Learned a level 4 spell: Summon Ice Beast
  3585 | D:3      | Reached skill level 1 in Summonings
  4081 | D:4      | Found Eduitil's Antique Armour Emporium.
  4103 | D:4      | Gained mutation: You are covered in thick fur. (AC +2) [Felid growth]
  4103 | D:4      | Reached XP level 6. HP: 24/24 MP: 4/13
  4104 | D:4      | Noticed Menkaure
  4113 | D:4      | HP: 1/24 [orc priest/divine providence (10)]
  4426 | D:4      | Killed Menkaure
  4539 | D:4      | Found a deep blue altar of Sif Muna.
  4558 | D:4      | Found a staircase to the Ecumenical Temple.
  4586 | D:4      | Became a worshipper of Sif Muna the Loreminder
  4696 | D:4      | Learned a level 4 spell: Throw Icicle
  4755 | D:4      | Noticed a slave
  4755 | D:4      | Noticed a slave
  4757 | D:4      | Noticed Pikel
  4757 | D:4      | Noticed a slave
  4758 | D:4      | Noticed a slave
  4771 | D:4      | Killed a slave
  4775 | D:4      | Killed a slave
  5398 | D:5      | Entered Level 5 of the Dungeon
  5505 | D:5      | Reached skill level 3 in Summonings
  5507 | D:5      | Reached XP level 7. HP: 12/27 MP: 3/14
  5847 | D:5      | HP: 1/27 [centaur/arrow (13)]
  6143 | D:4      | Killed Pikel
  6143 | D:4      | Reached * piety under Sif Muna
  6143 | D:4      | Reached skill level 6 in Ice Magic
  6258 | D:5      | Reached XP level 8. HP: 7/31 MP: 3/15
  6500 | D:5      | Reached skill level 1 in Conjurations
  6659 | D:5      | Found an opulent altar of Gozag.
  6886 | D:5      | Learned a level 4 spell: Summon Lightning Spire
  7444 | D:6      | Noticed greprep's ghost (novice MiFi)
  7545 | D:6      | Noticed Eustachio
  7845 | D:6      | Killed Eustachio
  7959 | D:6      | Killed greprep's ghost
  7959 | D:6      | Reached ** piety under Sif Muna
  7959 | D:6      | Reached skill level 6 in Summonings
  8124 | D:6      | Found a radiant altar of Vehumet.
  8143 | D:6      | Reached skill level 3 in Conjurations
  8640 | D:6      | Found a runed door.
  9008 | D:6      | Found a runed door.
  9468 | D:6      | Found a basalt altar of Yredelemnul.
  9613 | D:6      | Noticed Crazy Yiuf
  9619 | D:6      | Killed Crazy Yiuf
  9619 | D:6      | Reached XP level 9. HP: 34/34 MP: 2/16
  9805 | D:7      | Found Ozutedey's Antique Armour Emporium.
 11030 | D:7      | You fall through a shaft for 3 floors!
 11030 | D:10     | Entered Level 10 of the Dungeon
 11082 | D:10     | Reached *** piety under Sif Muna
 11263 | D:9      | Noticed a two-headed ogre
 11292 | D:8      | Found a shattered altar of Ashenzari.
 11292 | D:8      | Noticed Fingolfin's ghost (novice HOMo)
 11326 | D:8      | Found a sand-covered staircase.
 11336 | D:8      | HP: 1/34 [wyvern (9)]
 11342 | D:8      | Reached skill level 1 in Fighting
 11342 | D:8      | Reached skill level 1 in Air Magic
 11354 | D:8      | Hit by a stone thrown by a big kobold
 11355 | D:8      | Reached XP level 8. HP: -1/32 MP: 2/15
 13099 | D:8      | Reached skill level 3 in Fighting
 13099 | D:8      | Reached XP level 9. HP: 37/37 MP: 7/16
 13115 | D:8      | Reached skill level 3 in Air Magic
 13528 | D:8      | Killed Fingolfin's ghost
 13528 | D:8      | Reached **** piety under Sif Muna
 13808 | D:8      | Noticed a two-headed ogre
 13842 | D:8      | Killed a two-headed ogre
 13842 | D:8      | Reached skill level 6 in Conjurations
 14555 | D:8      | Found a sacrificial altar of Ru.
 14895 | D:9      | Found a staircase to the Lair.
 14904 | D:9      | Found a shadowy altar of Dithmenos.
 14907 | D:9      | Noticed a two-headed ogre
 15078 | D:9      | Reached XP level 10. HP: 29/44 MP: 2/17
 15529 | D:9      | Killed a two-headed ogre
 15842 | D:9      | Reached skill level 6 in Fighting
 16821 | D:10     | Reached skill level 6 in Air Magic
 16868 | D:10     | Reached ***** piety under Sif Muna
 16994 | D:10     | Received a gift from Sif Muna
 18320 | D:10     | Noticed a two-headed ogre
 18349 | D:10     | Killed a two-headed ogre
 18349 | D:10     | Reached skill level 6 in Spellcasting
 18508 | D:10     | Noticed a two-headed ogre
 18514 | D:10     | Killed a two-headed ogre
 18655 | D:10     | Reached XP level 11. HP: 45/49 MP: 6/22
 19139 | D:11     | Found a staircase to the Orcish Mines.
 19177 | D:11     | Noticed a two-headed ogre
 19191 | D:11     | Killed a two-headed ogre
 19368 | D:11     | Noticed a brown ugly thing
 19405 | D:11     | Killed a brown ugly thing
 19650 | D:11     | Reached skill level 3 in Stealth
 19702 | D:11     | Noticed an orc sorcerer
 19724 | D:11     | Killed an orc sorcerer
 20453 | D:11     | Noticed a red ugly thing
 20530 | D:11     | Killed a red ugly thing
 20661 | D:11     | Noticed an unseen horror
 20667 | D:11     | Killed an unseen horror
 20803 | D:11     | Noticed a two-headed ogre
 20816 | D:11     | Killed a two-headed ogre
 20816 | D:11     | Reached skill level 6 in Stealth
 20928 | D:11     | Noticed a brown ugly thing
 20964 | D:11     | Killed a brown ugly thing
 21163 | D:11     | Noticed a deep elf mage
 21166 | D:11     | Killed a deep elf mage
 21808 | Lair:1   | Entered Level 1 of the Lair of Beasts
 21848 | Lair:1   | Noticed a six-headed hydra
 21942 | Lair:1   | Identified Sif Muna's Papyrus of Congealing Moulding {god gift} (Sif Muna gifted it to you on level 1 of the Lair of Beasts)
 21942 | Lair:1   | Received a gift from Sif Muna
 22121 | Lair:1   | Learned a level 5 spell: Lightning Bolt
 22123 | Lair:1   | Learned a level 1 spell: Beastly Appendage
 22131 | Lair:1   | Learned a level 6 spell: Bolt of Cold
 22205 | Lair:1   | Reached skill level 3 in Dodging
 22361 | Lair:1   | Killed a six-headed hydra
 22689 | Lair:1   | Reached skill level 4 in Dodging
 22796 | Lair:1   | Gained mutation: Your thick and shaggy fur keeps you warm. (AC +3, rC+) [Felid growth]
 22796 | Lair:1   | Reached XP level 12. HP: 56/56 MP: 8/25
 23043 | Lair:1   | Identified the Reference Book on Supportive Necromancy
 23789 | Lair:2   | Found a hole to the Spider Nest.
 23839 | Lair:2   | Reached skill level 5 in Dodging
 24409 | Lair:2   | Noticed an eight-headed hydra
 24419 | Lair:2   | Killed an eight-headed hydra
 24556 | Lair:2   | Reached skill level 6 in Dodging
 24918 | Lair:2   | Reached skill level 9 in Ice Magic
 25780 | Lair:3   | Reached skill level 7 in Dodging
 25898 | Lair:3   | Received a gift from Sif Muna
 25907 | Lair:3   | Learned a level 6 spell: Freezing Cloud
 26059 | Lair:3   | Noticed Prince Ribbit
 26072 | Lair:3   | Killed Prince Ribbit
 26527 | Lair:3   | Noticed Sonja
 26532 | Lair:3   | Killed Sonja
 26629 | Lair:3   | Reached skill level 8 in Dodging
 27524 | Lair:4   | Found a frozen archway.
 27554 | IceCv    | Entered an ice cave
 27596 | IceCv    | Noticed Exporg's ghost (journeyman CeBe)
 27743 | Lair:4   | Found a staircase to the Swamp.
 28179 | Lair:4   | Noticed a death yak
 28182 | Lair:4   | Noticed a death yak
 28183 | Lair:4   | Noticed a death yak
 28185 | Lair:4   | Noticed a death yak
 28452 | Lair:4   | Noticed a death yak
 29269 | Lair:4   | Reached XP level 13. HP: 59/59 MP: 26/26
 29296 | Lair:4   | Reached skill level 9 in Dodging
 30111 | Lair:4   | Reached skill level 9 in Conjurations
 30274 | Lair:4   | Identified Foucw's Compendium of Boosting Displacement {god gift} (Sif Muna gifted it to you on level 4 of the Lair of Beasts)
 30274 | Lair:4   | Received a gift from Sif Muna
 31498 | Lair:4   | Reached skill level 10 in Dodging
 31771 | Lair:5   | Learned a level 1 spell: Apportation
 32061 | Lair:5   | Found a runed door.
 32061 | Lair:5   | Found a viscous altar of Jiyva.
 32061 | Lair:5   | Found a staircase to the Slime Pits.
 32198 | Lair:5   | Got a transparent iron ring
 32204 | Lair:5   | Identified the ring of Pride {*Drain +Fly rF+ rC+} (You found it on level 5 of the Lair of Beasts)
 32767 | Lair:6   | Entered Level 6 of the Lair of Beasts
 33539 | Lair:6   | Reached skill level 11 in Dodging
 35209 | Lair:6   | Received a gift from Sif Muna
 35216 | Lair:6   | Identified Gainleonk's Disquisition on Destructive Calling {god gift} (Sif Muna gifted it to you on level 6 of the Lair of Beasts)
 36081 | Lair:6   | Reached skill level 12 in Dodging
 36081 | Lair:6   | Reached XP level 14. HP: 63/63 MP: 20/27
 38307 | Lair:3   | Reached skill level 9 in Air Magic
 39316 | D:12     | Identified Hauxorodu's Grimoire of Confrontation and Darkness {god gift} (Sif Muna gifted it to you on level 12 of the Dungeon)
 39316 | D:12     | Received a gift from Sif Muna
 39921 | D:12     | Reached skill level 9 in Spellcasting
 40718 | D:13     | Found a glowing golden altar of the Shining One.
 40718 | D:13     | Noticed Erolcha
 40721 | D:13     | Noticed Rupert
 41452 | D:13     | Found a basalt altar of Yredelemnul.
 41730 | D:13     | Noticed an orc warlord
 41953 | D:13     | Learned a level 5 spell: Iskenderun's Battlesphere
 42187 | D:13     | Reached skill level 9 in Fighting
 42602 | D:13     | Reached skill level 1 in Charms
 42865 | D:13     | Found a roughly hewn altar of Beogh.
 43250 | D:13     | Killed an orc warlord
 43259 | D:13     | Reached skill level 3 in Charms
 44517 | D:13     | Identified Sif Muna's Volume of Confrontation {god gift} (Sif Muna gifted it to you on level 13 of the Dungeon)
 44517 | D:13     | Received a gift from Sif Muna
 44656 | D:13     | Killed Erolcha
 44785 | D:13     | Reached XP level 15. HP: 57/69 MP: 19/30
 44861 | D:13     | Noticed Maurice
 44866 | D:13     | Killed Maurice
 45756 | D:14     | Found a blossoming altar of Fedhas.
 45985 | D:14     | Reached skill level 6 in Charms
 46849 | D:14     | Found a gate to the Vaults.
 46914 | D:15     | Entered Level 15 of the Dungeon
 47566 | D:14     | Learned a level 6 spell: Deflect Missiles
 47891 | D:15     | Found a staircase to the Depths.
 49533 | D:15     | Identified Sif Muna's Papyrus of Excruciating Evil {god gift} (Sif Muna gifted it to you on level 15 of the Dungeon)
 49533 | D:15     | Received a gift from Sif Muna
 49787 | Orc:1    | Entered Level 1 of the Orcish Mines
 49831 | Orc:2    | Entered Level 2 of the Orcish Mines
 49999 | Orc:2    | Reached skill level 1 in Invocations
 50249 | Orc:2    | Reached skill level 12 in Fighting
 50250 | Orc:2    | Noticed an orc warlord
 50258 | Orc:2    | Killed an orc warlord
 50326 | Orc:2    | Noticed an orc warlord
 50518 | Orc:1    | Killed an orc warlord
 51562 | Orc:2    | Reached skill level 3 in Invocations
 53099 | Orc:2    | Found a roughly hewn altar of Beogh.
 53160 | Orc:2    | Found Ynaifa Xarch's Armour Shop.
 53160 | Orc:2    | Found Teicomniaw's Magic Scroll Emporium.
 53263 | Orc:2    | Bought a scroll of teleportation for 45 gold pieces
 53263 | Orc:2    | Bought a scroll of immolation for 52 gold pieces
 53263 | Orc:2    | Bought a scroll of blinking for 112 gold pieces
 53263 | Orc:2    | Bought a scroll of teleportation for 45 gold pieces
 53323 | Orc:2    | Found Qahioqe's Book Shop.
 53620 | Orc:2    | Reached skill level 13 in Dodging
 53802 | Orc:2    | Found Raopya's Assorted Antiques.
 53811 | Orc:2    | Found Omynlesk's Jewellery Shop.
 53838 | Orc:2    | Bought a scroll of teleportation for 60 gold pieces
 53838 | Orc:2    | Bought a scroll of teleportation for 60 gold pieces
 53838 | Orc:2    | Bought a potion of curing for 60 gold pieces
 53838 | Orc:2    | Bought a scroll of fog for 40 gold pieces
 53838 | Orc:2    | Found a staircase to the Elven Halls.
 53870 | Orc:2    | Found Suinid's Antique Armour Emporium.
 53870 | Orc:2    | Found Peasch's Magic Scroll Shop.
 54254 | Orc:1    | Reached XP level 16. HP: 77/77 MP: 19/32
 54631 | Orc:1    | Noticed Snorg
 54639 | Orc:1    | Killed Snorg
 55180 | Orc:2    | Learned a level 6 spell: Ozocubu's Refrigeration
 55349 | Orc:2    | Bought the ring "Fymeiwki" {rC+ EV+4} for 750 gold pieces
 55617 | Spider:1 | Entered Level 1 of the Spider Nest
 56745 | Spider:1 | HP: 1/77 [wolf spider (23)]
 57128 | Spider:1 | Noticed CrazyArbalest's ghost (adept MiHu)
 57152 | Spider:1 | Killed CrazyArbalest's ghost
 59016 | Spider:1 | Reached skill level 14 in Dodging
 59375 | Spider:2 | Noticed Arachne
 59496 | Spider:2 | Noticed Aizul
 59532 | Spider:1 | Killed Aizul
 60275 | Spider:2 | Killed Arachne
 61166 | D:15     | Learned a level 3 spell: Ozocubu's Armour
 62667 | Spider:3 | Reached skill level 15 in Dodging
 62795 | Spider:3 | Noticed Kirke
 62804 | Spider:3 | Killed Kirke
 62804 | Spider:3 | Reached skill level 12 in Ice Magic
 65027 | Spider:3 | Reached XP level 17. HP: 79/82 MP: 3/33
 66036 | Spider:3 | Reached skill level 12 in Spellcasting
 66053 | Spider:3 | HP: 4/82 [poisoned by a wolf spider]
 66058 | Spider:3 | HP: 3/82 [poisoned by a wolf spider]
 66065 | Spider:3 | HP: 3/82 [poisoned by a wolf spider]
 66073 | Spider:3 | HP: 3/82 [poisoned by a wolf spider]
 66761 | Spider:4 | Entered Level 4 of the Spider Nest
 66990 | Spider:4 | Identified Xihuiwuust's Guide on Confrontation {god gift} (Sif Muna gifted it to you on level 4 of the Spider Nest)
 66990 | Spider:4 | Received a gift from Sif Muna
 68047 | Swamp:1  | Entered Level 1 of the Swamp
 68056 | Swamp:1  | Reached skill level 1 in Evocations
 69977 | Swamp:1  | Learned a level 5 spell: Metabolic Englaciation
 70532 | Swamp:2  | Reached skill level 3 in Evocations
 74023 | Swamp:3  | Reached skill level 6 in Invocations
 74025 | Swamp:3  | Mangled by an alligator
 74026 | Swamp:3  | Reached XP level 16. HP: -8/78 MP: 3/34
 74762 | Swamp:3  | Reached skill level 1 in Hexes
 74860 | Swamp:4  | Entered Level 4 of the Swamp
 76498 | Swamp:4  | Identified Togguorph's Handbook of the Escort {god gift} (Sif Muna gifted it to you on level 4 of the Swamp)
 76498 | Swamp:4  | Received a gift from Sif Muna
 77288 | Swamp:4  | Reached XP level 17. HP: 54/82 MP: 21/35
 77717 | Swamp:4  | Noticed the 27-headed Lernaean hydra
 77762 | Swamp:4  | Killed the 27-headed Lernaean hydra
 78260 | Swamp:4  | Got a decaying rune of Zot
 79011 | Swamp:4  | Reached skill level 12 in Conjurations
 80686 | Spider:4 | HP: 4/82 [frozen (3)]
 82846 | Spider:4 | Reached skill level 9 in Invocations
 85541 | Spider:4 | Identified Sif Muna's Papyrus of Liberalism {god gift} (Sif Muna gifted it to you on level 4 of the Spider Nest)
 85541 | Spider:4 | Received a gift from Sif Muna
 86037 | Spider:4 | Reached XP level 18. HP: 73/86 MP: 7/37
 86396 | Spider:4 | Got a gossamer rune of Zot
 86975 | Vaults:1 | Entered Level 1 of the Vaults
 88241 | Vaults:1 | Reached skill level 15 in Spellcasting
 88457 | Vaults:1 | Found Naceroy's Magic Scroll Boutique.
 88588 | Vaults:1 | Bought a scroll of fog for 32 gold pieces
 88588 | Vaults:1 | Bought a scroll of fog for 32 gold pieces
 88588 | Vaults:1 | Bought a scroll of blinking for 120 gold pieces
 88588 | Vaults:1 | Bought a scroll of fear for 56 gold pieces
 89122 | D:14     | Learned a level 7 spell: Orb of Destruction
 91687 | Vaults:1 | Identified Sif Muna's Papyrus of Destructive Moulding {god gift} (Sif Muna gifted it to you on level 1 of the Vaults)
 91687 | Vaults:1 | Received a gift from Sif Muna
 92449 | Vaults:2 | Reached skill level 15 in Conjurations
 93893 | Vaults:2 | Reached skill level 1 in Translocations
 94377 | Vaults:1 | Reached XP level 19. HP: 90/90 MP: 1/39
 94529 | Vaults:2 | Reached skill level 3 in Hexes
 94533 | Vaults:2 | Reached skill level 3 in Translocations
 95164 | Vaults:2 | Identified Sif Muna's Guide on Companions {god gift} (Sif Muna gifted it to you on level 2 of the Vaults)
 95164 | Vaults:2 | Received a gift from Sif Muna
 96488 | Vaults:1 | Slain by a yaktaur captain
 96489 | Vaults:1 | Reached XP level 18. HP: -3/86 MP: 1/38
 97868 | Vaults:3 | Found a deep blue altar of Sif Muna.
 98826 | Vaults:3 | Identified Sif Muna's Guide on Excruciating Bewitchment {god gift} (Sif Muna gifted it to you on level 3 of the Vaults)
 98826 | Vaults:3 | Received a gift from Sif Muna
 99132 | Vaults:2 | Reached skill level 9 in Stealth
 99701 | Vaults:3 | Noticed a lich
101549 | Vaults:3 | Reached skill level 16 in Dodging
101549 | Vaults:3 | Reached XP level 19. HP: 49/91 MP: 18/39
101864 | Vaults:3 | HP: 4/91 [two-headed ogre/giant spiked club (20)]
102296 | Vaults:3 | Killed a lich
102721 | Vaults:3 | Found a staircase to the Crypt.
104187 | Vaults:4 | Reached skill level 12 in Stealth
104817 | Vaults:4 | Noticed Sojobo
105105 | Vaults:3 | Mangled by a vault warden
105106 | Vaults:3 | Reached XP level 18. HP: -10/88 MP: 17/38
105388 | Vaults:3 | Killed Sojobo
105505 | Vaults:4 | Reached skill level 17 in Dodging
105793 | Vaults:4 | Found Hotzax's Antique Armour Shop.
106714 | Vaults:4 | Reached skill level 15 in Fighting
108350 | Vaults:4 | Reached skill level 18 in Dodging
108350 | Vaults:4 | Reached XP level 19. HP: 81/93 MP: 1/39
112131 | Vaults:4 | Reached skill level 19 in Dodging
113279 | Depths:1 | Entered Level 1 of the Depths
113286 | Depths:1 | Found a gateway to Hell.
113677 | Depths:1 | Found a one-way gate leading to the halls of Pandemonium.
113826 | Depths:1 | Found a corrupted altar of Lugonu.
113826 | Depths:1 | Found a one-way gate to the infinite horrors of the Abyss.
117155 | Depths:1 | Reached skill level 20 in Dodging
117604 | Depths:2 | Reached XP level 20. HP: 83/98 MP: 26/40
120398 | Depths:2 | Reached skill level 21 in Dodging
122187 | Depths:1 | Reached skill level 18 in Fighting
123364 | Depths:2 | Got a transparent silver ring
124505 | Depths:3 | Identified the ring of the Tortoise {rCorr Int+4} (You took it off a spriggan air mage on level 2 of the Depths)
124829 | Depths:3 | Found Misesk's Weapon Boutique.
124846 | Depths:3 | Learned a level 6 spell: Shadow Creatures
125015 | Depths:3 | Noticed Margery
125024 | Depths:3 | Killed Margery
125025 | Depths:3 | Reached XP level 21. HP: 94/104 MP: 6/41
125402 | Depths:2 | Noticed a juggernaut
125609 | Depths:3 | Reached skill level 9 in Summonings
125725 | Depths:3 | Noticed a golden dragon
125743 | Depths:3 | Noticed a caustic shrike
126765 | Depths:3 | Noticed a golden dragon
126767 | Depths:3 | Killed a caustic shrike
127372 | Depths:3 | Identified Sif Muna's Grimoire of Battle Magic {god gift} (Sif Muna gifted it to you on level 3 of the Depths)
127372 | Depths:3 | Received a gift from Sif Muna
128130 | Depths:3 | Killed a golden dragon
128323 | Depths:3 | Found a gateway to a ziggurat.
128674 | Depths:2 | Killed a juggernaut
129774 | Depths:3 | Killed a golden dragon
130728 | Depths:3 | Received a gift from Sif Muna
130729 | Depths:3 | Identified Sif Muna's Reference Book on Enthralling Heat {god gift} (Sif Muna gifted it to you on level 3 of the Depths)
131091 | Depths:3 | HP: 1/104 [nagaraja/hand axe (5)]
133360 | Depths:3 | Reached XP level 22. HP: 109/109 MP: 5/42
133773 | Depths:4 | Identified Resuh's Disquisition on Execration {god gift} (Sif Muna gifted it to you on level 4 of the Depths)
133773 | Depths:4 | Received a gift from Sif Muna
134481 | Hell     | Entered the Vestibule of Hell
134481 | Hell     | Noticed Geryon
135046 | Depths:4 | Noticed Boris
136185 | Depths:4 | Reached skill level 15 in Ice Magic
136187 | Depths:4 | Identified Sif Muna's Tome of Flamy Ice {god gift} (Sif Muna gifted it to you on level 4 of the Depths)
136187 | Depths:4 | Received a gift from Sif Muna
137366 | Depths:4 | Noticed Saint Roka
137398 | Depths:4 | Killed Saint Roka
138575 | Depths:4 | Killed Boris
138860 | Depths:4 | Identified Suymi's Catalogue of the Entourage {god gift} (Sif Muna gifted it to you on level 4 of the Depths)
138860 | Depths:4 | Received a gift from Sif Muna
140534 | Depths:5 | Entered Level 5 of the Depths
140943 | Depths:5 | Found Cimoaq's Antique Weapon Emporium.
141065 | Depths:5 | Reached skill level 18 in Conjurations
141126 | Depths:5 | Reached XP level 23. HP: 113/113 MP: 18/43
141285 | Depths:5 | Identified Sif Muna's Disquisition on Evil Magic and the Compass {god gift} (Sif Muna gifted it to you on level 5 of the Depths)
141285 | Depths:5 | Received a gift from Sif Muna
141691 | Depths:5 | Found Rasawaev's Magic Scroll Emporium.
141691 | Depths:5 | Found Resh's Antique Armour Shoppe.
141797 | Depths:5 | Found Mozet's Antique Armour Emporium.
141797 | Depths:5 | Found Kenexzewn's Antique Armour Shoppe.
141802 | Depths:5 | Bought a scroll of teleportation for 72 gold pieces
144454 | Depths:5 | Found a gate to the Realm of Zot.
144827 | Elf:1    | Entered Level 1 of the Elven Halls
144850 | Elf:1    | Identified Rapron's Catalogue of Summoning and Battle Magic {god gift} (Sif Muna gifted it to you on level 1 of the Elven Halls)
144850 | Elf:1    | Received a gift from Sif Muna
145911 | Elf:2    | Found Binovife's Weapon Emporium.
146528 | Elf:2    | Found a runed gate.
146528 | Elf:2    | Found a runed gate.
146529 | Elf:2    | Found a runed gate.
147023 | Elf:3    | Entered Level 3 of the Elven Halls
147060 | Elf:3    | Identified the Compendium of Hexes
147692 | Elf:3    | Reached ****** piety under Sif Muna
147745 | Elf:3    | Received a gift from Sif Muna
150140 | Elf:3    | Identified Sif Muna's Handbook of Glacial Conjuration {god gift} (Sif Muna gifted it to you on level 3 of the Elven Halls)
150140 | Elf:3    | Received a gift from Sif Muna
150394 | Elf:3    | Reached XP level 24. HP: 95/117 MP: 32/44
150556 | Elf:3    | Identified the Catalogue of Lucky Earth
150561 | Elf:3    | Identified the Disquisition on Excruciating Heat
150588 | Elf:3    | Identified the Reference Book on Assistive Bewitchment
150723 | Elf:3    | Learned a level 9 spell: Glaciate
150868 | Elf:3    | Learned a level 2 spell: Blink
151263 | Slime:1  | Entered Level 1 of the Pits of Slime
151281 | Slime:1  | Found a viscous altar of Jiyva.
151843 | Slime:3  | Gained mutation: Your flesh is cold resistant. (rC+) [a shining eye]
152011 | Slime:5  | Entered Level 5 of the Pits of Slime
152351 | Slime:5  | Found a viscous altar of Jiyva.
152352 | Slime:5  | Noticed the Royal Jelly
152364 | Slime:5  | Killed the Royal Jelly
152381 | Slime:5  | Identified Sif Muna's Volume of Feathers {god gift} (Sif Muna gifted it to you on level 5 of the Pits of Slime)
152381 | Slime:5  | Received a gift from Sif Muna
153273 | Slime:5  | Noticed Donald
153276 | Slime:5  | Killed Donald
153405 | Slime:5  | Got a slimy rune of Zot
154711 | Slime:3  | Reached skill level 18 in Ice Magic
154948 | Slime:2  | Identified Sif Muna's Papyrus of Earthen Aid {god gift} (Sif Muna gifted it to you on level 2 of the Pits of Slime)
154948 | Slime:2  | Received a gift from Sif Muna
156102 | Slime:2  | Gained mutation: Your magical capacity is low. (-10% MP) [a shining eye]
156914 | Zot:1    | Entered Level 1 of the Realm of Zot
157561 | Zot:1    | HP: 3/117 [electric golem (19)]
157561 | Zot:1    | Slain by an electric golem
157562 | Zot:1    | Reached XP level 23. HP: -4/113 MP: 1/40
157831 | Zot:2    | Received a gift from Sif Muna
158863 | Zot:3    | Reached skill level 6 in Evocations
159405 | Zot:4    | Reached XP level 24. HP: 119/119 MP: 21/41
160176 | Zot:4    | Identified Agaosh's Tome of Damaging Illusion {god gift} (Sif Muna gifted it to you on level 4 of the Realm of Zot)
160176 | Zot:4    | Received a gift from Sif Muna
160451 | Zot:4    | Learned a level 7 spell: Spellforged Servitor
161215 | Zot:4    | Found a transporter.
161250 | Zot:4    | Reached skill level 18 in Spellcasting
162129 | Zot:4    | Identified Sif Muna's Further Progress in Theurgy {god gift} (Sif Muna gifted it to you on level 4 of the Realm of Zot)
162129 | Zot:4    | Received a gift from Sif Muna
162409 | Zot:5    | Entered Level 5 of the Realm of Zot
162409 | Zot:5    | Noticed mike2R's ghost (legendary MiFi)
163374 | Zot:5    | Killed mike2R's ghost
163575 | Zot:5    | Noticed an ancient lich
163579 | Zot:5    | Killed an ancient lich
163890 | Zot:4    | Received a gift from Sif Muna
164018 | Zot:4    | Learned a level 2 spell: Passwall
164022 | Zot:4    | Learned a level 3 spell: Regeneration
164200 | Zot:5    | Noticed an orb of fire
164204 | Zot:5    | Gained mutation: You are dopey. (Int -2) [an orb of fire]
164288 | Zot:5    | Noticed an ancient lich
164474 | Zot:5    | Lost mutation: You are dopey. (Int -2) [an orb of fire]
164628 | Zot:5    | Killed from afar by an orb of fire
164629 | Zot:5    | Reached XP level 23. HP: -4/115 MP: 6/42
164629 | Zot:5    | Killed an orb of fire
164629 | Zot:5    | Reached XP level 24. HP: 119/119 MP: 42/42
164634 | Zot:5    | Killed an ancient lich
165280 | Zot:4    | Reached skill level 22 in Dodging
165464 | Zot:5    | Noticed an ancient lich
165483 | Zot:5    | Killed an ancient lich
166477 | Zot:5    | Noticed an orb of fire
166569 | Zot:5    | Noticed an ancient lich
166573 | Zot:5    | Killed an ancient lich
166588 | Zot:5    | Noticed an ancient lich
166714 | Zot:5    | Killed an ancient lich
166806 | Zot:5    | Noticed an ancient lich
166823 | Zot:4    | Killed an ancient lich
166987 | Zot:5    | Noticed an ancient lich
166988 | Zot:5    | Gained mutation: Your body sometimes deteriorates upon taking damage. [mutagenic glow]
167007 | Zot:5    | Gained mutation: You expend magic power (3 MP) to strengthen your wands. [the power of Zot]
167013 | Zot:5    | Slain by an ancient lich

Skill      XL: |  1  2  3  4  5  6  7  8  9 10 11 12 13 14 15 16 17 18 19 20 21 22 23 24 |
---------------+-------------------------------------------------------------------------+-----
Ice Magic      | 3 4 5 6 7 8 10 11 12 14 16 20 19 | 20.1
Spellcasting   | 3 4 7 8 10 11 14 15 16 19 | 19.4
Summonings     | 1 3 5 6 7 8 11 | 11.6
Conjurations   | 5 6 8 10 13 15 16 18 19 20 | 20.0
Fighting       | 3 5 6 8 9 12 13 15 17 18 19 | 19.1
Air Magic      | 2 4 6 9 |  9.5
Stealth        | 8 10 12 | 12.6
Dodging        | 4 8 12 13 15 18 20 21 22 | 22.7
Charms         | 4 7 8 |  8.3
Invocations    | 3 5 9 |  9.0
Evocations     | 4 6 7 |  7.1
Hexes          | 2 5 3 |  5.2
Translocations | 5 4 |  5.3

Action                   |  1- 3 |  4- 6 |  7- 9 | 10-12 | 13-15 | 16-18 | 19-21 | 22-24 || total
-------------------------+-------+-------+-------+-------+-------+-------+-------+-------++-------
Melee: Unarmed           |    19 |    30 |   113 |    85 |   304 |   146 |    42 |   105 ||   844
       Bite              |     2 |     4 |    12 |     9 |    27 |     9 |     2 |    12 ||    77
       Headbutt          |       |       |       |     1 |     1 |       |       |       ||     2
 Cast: Freeze            |    54 |   121 |   186 |   141 |    26 |       |       |       ||   528
       Throw Frost       |     3 |    25 |    28 |       |       |       |       |       ||    56
       Summon Ice Beast  |       |     6 |    35 |    45 |    26 |   119 |       |       ||   231
       Throw Icicle      |       |     1 |    88 |   276 |   410 |  1325 |   786 |   487 ||  3373
       Summon Lightning  |       |       |    18 |    63 |    50 |   102 |    19 |    11 ||   263
       Beastly Appendage |       |       |       |     3 |     4 |       |       |       ||     7
       Bolt of Cold      |       |       |       |     2 |   138 |    12 |       |       ||   152
       Freezing Cloud    |       |       |       |     2 |   182 |   123 |    25 |    11 ||   343
       Apportation       |       |       |       |       |     4 |       |       |     1 ||     5
       Iskenderun's Batt |       |       |       |       |     8 |       |       |       ||     8
       Deflect Missiles  |       |       |       |       |     1 |     6 |     6 |     9 ||    22
       Ozocubu's Refrige |       |       |       |       |       |   315 |   122 |   165 ||   602
       Ozocubu's Armour  |       |       |       |       |       |    58 |     7 |    11 ||    76
       Metabolic Englaci |       |       |       |       |       |    27 |     9 |     3 ||    39
       Orb of Destructio |       |       |       |       |       |   122 |   317 |   412 ||   851
       Shadow Creatures  |       |       |       |       |       |       |    26 |   105 ||   131
       Glaciate          |       |       |       |       |       |       |       |    71 ||    71
       Spellforged Servi |       |       |       |       |       |       |       |    22 ||    22
       Regeneration      |       |       |       |       |       |       |       |     7 ||     7
       Passwall          |       |       |       |       |       |       |       |     3 ||     3
       Blink             |       |       |       |       |       |       |       |     2 ||     2
Invok: Divine Energy     |       |       |     1 |       |       |       |       |       ||     1
       Channel Magic     |       |       |       |     1 |     3 |    50 |    11 |    22 ||    87
       Forget Spell      |       |       |       |     1 |     1 |     2 |     1 |     2 ||     7
 Abil: Evoke Flight      |       |       |       |       |       |     1 |       |       ||     1
Evoke: Wand              |       |     2 |     3 |     2 |    12 |    16 |    10 |    21 ||    66
       Lamp of fire      |       |       |       |       |       |     1 |     1 |       ||     2
       Sack of spiders   |       |       |       |       |       |       |       |     1 ||     1
       Phial of floods   |       |       |       |       |       |       |       |     3 ||     3
  Use: Scroll            |       |     5 |     8 |    14 |    12 |    10 |    14 |    17 ||    80
       Potion            |       |       |       |     1 |       |     5 |       |     9 ||    15
 Stab: Sleeping          |     4 |     4 |     1 |     3 |     7 |     2 |     2 |       ||    23
       Distracted        |       |       |     1 |     1 |     2 |     2 |     1 |       ||     7
       Confused          |       |       |       |       |     4 |       |       |       ||     4
       Paralysed         |       |       |       |       |       |       |       |     2 ||     2
  Eat: Chunk             |     9 |    10 |    38 |    78 |   193 |   212 |   190 |   186 ||   916
       Royal jelly       |       |       |     2 |     1 |       |     1 |     5 |     5 ||    14
       Meat ration       |       |       |       |       |     1 |     9 |     2 |    13 ||    25
Armor: Skin              |     3 |    12 |    28 |    29 |    22 |    57 |    11 |    20 ||   182
Dodge: Dodged            |    50 |   108 |   308 |   239 |   641 |  1426 |   714 |   809 ||  4295
       Deflected         |       |       |       |       |    15 |    50 |    52 |    58 ||   175
